 Dungeon Crawl Stone Soup version 0.30-a0-223-gcb0039aa0c (webtiles) character file.

Game seed: 9887965641258790016

46 glaedl the Grave Robber (level 3, 0/19 HPs)
             Began as a Deep Elf Necromancer on Oct 10, 2022.
             Fell down a flight of stairs (1 damage)
             ... on level 4 of the Dungeon.
             The game lasted 00:04:11 (1984 turns).

glaedl the Grave Robber (Deep Elf Necromancer)      Turns: 1984, Time: 00:04:12

Health: 0/19       AC:  3    Str:  5    XL:     3   Next: 46%
Magic:  9/10       EV: 13    Int: 21    God:
Gold:   117        SH:  0    Dex: 15    Spells: 8/9 levels left

rFire   . . .      SeeInvis .    o - +0 sling
rCold   . . .      Faith    .    (no shield)
rNeg    . . .      Spirit   .    s - +1 robe {Will+}
rPois   .          Reflect  .    (no helmet)
rElec   .          Harm     .    (no cloak)
rCorr   .          Rampage  .    (no gloves)
Will    +....                    (no boots)
Stlth   +.........               (no amulet)
HPRegen 0.23/turn                (no ring)
MPRegen 0.12/turn                (no ring)

@: confused
A: no striking features
a: no special abilities


You were on level 4 of the Dungeon.
You visited 1 branch of the dungeon, and saw 3 of its levels.

You collected 117 gold pieces.

Inventory:

Hand Weapons
 o - a +0 sling (weapon)
Armour
 s - a +1 robe of willpower (worn)
Jewellery
 e - a ring of flight
Scrolls
 c - a scroll of teleportation
 h - a scroll of enchant weapon {unknown}
 n - a scroll of enchant armour {unknown}
 r - 2 scrolls of poison
Potions
 a - a potion of mutation {unknown}
 b - a potion of magic
 d - a potion of curing
 g - a potion of flight {unknown}
 i - a potion of haste {unknown}
 j - a potion of heal wounds {unknown}
 k - 2 potions of attraction
 m - a potion of degeneration {unknown}
 p - a potion of brilliance {unknown}
 q - a potion of might {unknown}


   Skills:
 + Level 3.0 Dodging
 + Level 3.1 Stealth
 + Level 3.5 Spellcasting
 * Level 5.5 Necromancy


You had 8 spell levels left.
You knew the following spells:

 Your Spells              Type           Power      Damage    Failure   Level
a - Necrotise             Necr           100%       1d9       1%          1

Your spell library contained the following spells:

 Spells                   Type           Power      Damage    Failure   Level
 Vampiric Draining        Necr           26%        2d7       3%          3
 Animate Dead             Necr           26%        N/A       13%         4
 Agony                    Necr           26%        N/A       34%         5


Dungeon Overview and Level Annotations

Branches:
Dungeon (3/15)

Altars:

Annotations:
D:3 Jessica


Message History

You finish putting on your +1 robe of willpower.
You feel strong-willed.
You drop a +0 robe.
You drop a scroll of noise.
As you read the scroll of identify, it crumbles to dust.
r - 2 scrolls of poison
As you read the scroll of identify, it crumbles to dust.
k - 2 potions of attraction
As you read the scroll of identify, it crumbles to dust.
d - a potion of curing
a - a cyan potion You now have 117 gold pieces (gained 16).
Found a stone staircase leading down.
Found an escape hatch in the floor.
A goblin comes into view. It is wielding a +0 dagger.
The goblin shouts!
The goblin writhes in agony.
You kill the goblin!
The dead are walking!
Magic restored.
You swap places.
Jessica the Apprentice Sorceress comes into view.
She is wielding a +0 dagger, wearing a +1 robe of positive energy and carrying a wand of light (2).
You shoot a sling bullet.
The sling bullet hits Jessica but does no damage.
Jessica shouts!
You hear a shout!
Jessica and a giant cockroach come into view.
Jessica is wielding a +0 dagger, wearing a +1 robe of positive energy and carrying a wand of light (2).
Jessica points at you and mumbles some strange words.
You resist with some effort.
The giant cockroach moves out of view.
Jessica writhes in agony.
Jessica zaps a wand.
The bolt of light hits you!
Ouch! That really hurt!
You are too injured to fight recklessly!
You swap places.
Jessica zaps a wand.
The bolt of light hits you!
You are confused.
* * * LOW HITPOINT WARNING * * *
The now-empty wand crumbles to dust.
There is a stone staircase leading down here.
In your confused state, you trip and fall down the stairs.
You die...

... ##..#
..... .#.# ##
#@$# ..
#Z.###.#
#..>...#
##....#
#######@....#
......)...#.#
#######.###.#
##.# # #..#
###.## ###...#
###...###
########...###


You could see Jessica (ally target) and a friendly goblin skeleton.

Vanquished Creatures
  A worm (D:2)
  A dart slug (D:2)
  6 ball pythons
  3 bats (D:2)
  2 endoplasms (D:1)
  A giant cockroach (D:2)
  4 hobgoblins
  2 kobolds (D:2)
  2 quokkas (D:1)
  A frilled lizard (D:1)
  8 goblins
  6 rats
37 creatures vanquished.

Notes
Turn   | Place    | Note
-------+----------+-------------------------------------------
     0 | D:1      | glaedl the Deep Elf Necromancer began the quest for the
                  | Orb.
     0 | D:1      | Reached XP level 1. HP: 10/10 MP: 6/6
   125 | D:1      | Reached skill level 5 in Necromancy
   167 | D:1      | Reached XP level 2. HP: 15/15 MP: 5/8
   444 | D:1      | Found a faded altar of an unknown god.
   999 | D:2      | Reached XP level 3. HP: 19/19 MP: 7/9
  1977 | D:3      | Noticed Jessica
  1984 | D:4      | Fell down a flight of stairs

Illustrated notes

Levels and vault maps discovered:
D:1:      minmay_arrival_shattered_statue, layout_rooms,
          shapermc_ecumenical_altar_totnotflames
D:2:      wad_crossroads, layout_loops_corners
D:3:      layout_rooms, uniq_jessica

Skill      XL: |  1  2  3 |
---------------+----------+-----
Necromancy     | 5 |  5.5
Stealth        | 3 |  3.1
Dodging        | 3 |  3.0
Spellcasting   | |  3.5

Action                   || total
-------------------------++-------
 Fire: Sling             ||     9
 Cast: Necrotise         ||    52
  Use: Scroll            ||     5
Armor: Robe              ||     1
Dodge: Dodged            ||     7

Table legend: (Time is in decaauts)
 A = Elapsed time spent in this place.
 B = Non-inter-level travel time spent in this place.
 C = Inter-level travel time spent in this place.
 D = Time resting spent in this place.
 E = Time spent auto-exploring this place.
 F = Levels seen in this place.
 G = Mean time per level.
                   A        B        C        D        E       F      G
               +--------+--------+--------+--------+--------+-----+--------+
         Total |   1986 |   1932 |     54 |      0 |   1738 |   3 |  662.0 |
       Dungeon |   1986 |   1932 |     54 |      0 |   1738 |   3 |  662.0 |
               +--------+--------+--------+--------+--------+-----+--------+

Top non-repeatable levels by time:
     D:2: 1277 daAuts
     D:1: 632 daAuts
     D:3: 77 daAuts
